AoeStats
← sneakjacks0n

Arabia

509232732Analyzed
2v2 RM · 6d ago on Sep 26, 2026· 46m 52s· 4 players
Game mode
Random Map
Map size
Medium (4 player)
Population
200
Speed
Normal
Resources
Standard
Victory
Conquest
Starting age
Dark Age
Ending age
Imperial Age
RankedLock teamsTeams togetherTeam positionsShared explorationLock speedFull tech treeHidden civsTurbo modeCheats
Victory
Defeat
🇦🇺 Japanese · Australia
891
+15
🇦🇺 Magyars · Australia
866
+15
🇺🇸 Danes · United States
865
-15
🇺🇸 Varangians · United States
862
-15
sneakjacks0n
7:05 Loom
10:22 Feudal Age
8:40 Loom
11:23 Double-Bit Axe
13:47 Man-at-Arms
15:03 Forging
14:41 Arson
16:30 Scale Mail Armor
17:28 Town Watch
24:02 Castle Age
24:12 Long Swordsman
25:33 Iron Casting
25:16 Chain Mail Armor
25:38 Bow Saw
27:07 Squires
26:53 Gambesons
27:10 Squires
27:39 Pikeman
28:20 Fletching
29:09 Iron Casting
44:49 Bodkin Arrow
nomadiccoder
7:19 Loom
10:13 Feudal Age
10:50 Double-Bit Axe
12:52 Horse Collar
16:52 Bloodlines
23:42 Town Watch
32:10 Castle Age
dirtyhazz
11:05 Feudal Age
12:53 Man-at-Arms
14:25 Arson
14:41 Horse Collar
21:06 Castle Age
20:44 Scale Mail Armor
21:26 Long Swordsman
21:59 Gambesons
24:31 Squires
27:36 Wheelbarrow
26:51 Double-Bit Axe
34:18 Hand Cart
33:49 Loom
33:49 Town Watch
37:36 Imperial Age
38:43 Heavy Plow
38:55 Bow Saw
38:39 Gold Mining
38:39 Stone Mining
39:43 Conscription
40:03 Chain Mail Armor
39:59 Forging
41:55 Plate Mail Armor
43:54 Two-Man Saw
44:28 Capped Ram
45:16 Elite Samurai
47:50 Iron Casting
LeBragen
7:00 Loom
12:09 Feudal Age
13:43 Double-Bit Axe
16:39 Bloodlines
18:45 Scale Barding Armor
19:13 Gold Mining
22:53 Castle Age
23:57 Wheelbarrow
24:28 Chain Barding Armor
24:43 Husbandry
25:47 Stone Mining
31:39 Corvinian Army
32:10 Fletching
36:15 Imperial Age
35:07 Bodkin Arrow
35:55 Ballistics
35:59 Murder Holes
37:36 Bow Saw
39:41 Conscription
39:07 Horse Collar
41:05 Hoardings
41:07 Treadmill Crane
42:28 Chemistry
43:07 Sappers
45:12 Heavy Plow
46:08 Masonry
46:30 Elite Magyar Huszar
Connection lost

Rejoining the realm…

Still unreachable

The connection could not be restored.

Session expired

The server has moved on; the page needs a fresh start.